 Dungeon Crawl Stone Soup version 0.27-a0-124-g19cb506db8 (webtiles) character file.

Game seed: 3569466477158028347

69 knot the Skirmisher (level 4, 46/52 HPs)
             Began as a Demonspawn Berserker on Jan 24, 2021.
             Was a Believer of Trog.
             Quit the game on level 3 of the Dungeon on Jan 26, 2021.
             The game lasted 00:01:52 (1944 turns).

knot the Skirmisher (Demonspawn Berserker)          Turns: 1944, Time: 00:01:52

Health: 46/52      AC:  6    Str: 17    XL:     4   Next: 2%
Magic:  4/4        EV: 11    Int:  9    God:    Trog [**....]
Gold:   135        SH:  0    Dex: 13    Spells: 3/3 levels left

rFire    . . .     SeeInvis .   a - +0 hand axe
rCold    + . .     Faith    .   (no shield)
rNeg     + . .     Spirit   .   b - +1 ring mail {rC+}
rPois    .         Reflect  .   (helmet restricted)
rElec    .         Harm     .   (no cloak)
rCorr    .         Rampage  .   (no gloves)
Will     .....                  (no boots)
Stlth    ..........             o - amulet of regeneration
HPRegen  0.57/turn              k - ring of positive energy
MPRegen  0.09/turn              (no ring)

@: berserking, very quick
A: horns 1, powered by pain 1
a: Renounce Religion, Berserk, Trog's Hand


You were on level 3 of the Dungeon.
You worshipped Trog.
Trog was pleased with you.
You visited 1 branch of the dungeon, and saw 3 of its levels.

You collected 135 gold pieces.

Inventory:

Hand Weapons
 a - a +0 hand axe (weapon)
Missiles
 c - 90 stones
 d - 8 bolts
 j - 56 sling bullets
 p - 12 poisoned darts
Armour
 b - a +1 ring mail of cold resistance (worn)
Jewellery
 g - an uncursed ring of fire
 k - a ring of positive energy (left hand)
 o - an amulet of regeneration (around neck)
Scrolls
 e - 7 scrolls of teleportation {unknown}
 f - a scroll of immolation {unknown}
 i - a scroll of fog {unknown}
 l - a scroll of identify {unknown}
 q - a scroll of enchant armour {unknown}
Potions
 h - a potion of lignification {unknown}
 m - a potion of cancellation {unknown}
 n - 2 potions of curing {unknown}


   Skills:
 + Level 3.4 Fighting
 + Level 3.2 Axes
 + Level 2.4 Armour
 + Level 2.4 Dodging


You had 3 spell levels left.
You didn't know any spells.
Your spell library was empty.

Dungeon Overview and Level Annotations

Branches:
Dungeon (3/15)

Altars:
Kikubaaqudgha


Innate Abilities, Weirdness & Mutations

You have a pair of small horns on your head.
You sometimes gain a little power by taking damage.


Message History

The orc wizard points at you and mumbles some strange words.
The puff of flame hits you.
You barely miss the orc wizard. Your headbutt misses the orc wizard.
You slash the orc wizard! Your headbutt misses the orc wizard.
The orc wizard is almost dead.
You closely miss the orc.
The orc wizard casts a spell at itself.
The orc wizard flickers and vanishes!
Deactivating autopickup; reactivate with Ctrl-A.
The orc closely misses you.
You slash something! Trog accepts your kill.
Trog appreciates your killing of a magic user.
Reactivating autopickup.
You feel a bit more experienced.
You barely miss the orc. The orc hits you but does no damage.
You have reached level 4!
You feel agile.
Your demonic ancestry asserts itself...
You feel energised by your suffering.
Are you sure you want to abandon this character and quit the game? (Confirm with "yes".)

..........# ..
..........# ...
..........#####....
...................
..............####
.........#..###
.........##..#####
...##...####.....#
......### #####@#
...... #o)...>.#
....# ##......#
...## ....... ...#
....<.. ... ......#
.. ......# #######


You could see an orc.

Vanquished Creatures
  An orc wizard (D:3)
  A worm (D:2)
  A dart slug (D:2)
  4 leopard geckos
  An orc (D:3)
  4 giant cockroaches
  4 hobgoblins
  7 kobolds
  5 bats
  A frilled lizard (D:2)
  2 goblins
31 creatures vanquished.

Notes
Turn   | Place    | Note
-------+----------+-------------------------------------------
     0 | D:1      | knot the Demonspawn Berserker began the quest for the Orb.
     0 | D:1      | Reached XP level 1. HP: 18/18 MP: 1/1
     0 | D:1      | Upgraded the game from 0.27-a0-103-g6cd7b45605 to
                  | 0.27-a0-124-g19cb506db8
   520 | D:1      | Gained mutation: You have a pair of small horns on your
                  | head. [demonic ancestry]
   520 | D:1      | Reached XP level 2. HP: 23/24 MP: 2/2
  1315 | D:2      | Found an ancient bone altar of Kikubaaqudgha.
  1582 | D:2      | Reached ** piety under Trog
  1583 | D:2      | Reached XP level 3. HP: 29/29 MP: 3/3
  1944 | D:3      | Gained mutation: You sometimes gain a little power by
                  | taking damage. [demonic ancestry]
  1944 | D:3      | Reached XP level 4. HP: 35/35 MP: 4/4
  1944 | D:3      | Quit the game

Illustrated notes

Levels and vault maps discovered:
D:1:      lemuel_arrival_lava_pool, layout_basic,
          corexii_item_surrounded_by_moat
D:2:      layout_loops_cross, overflow_temple_1_default
D:3:      layout_rooms, gammafunk_ghost_grave, chequers_ecumenical_altar_island,
          grunt_ministairs_14, uniq_grinder

Skill      XL: |  1  2 |
---------------+-------+-----
Dodging        | 2 |  2.4
Armour         | 2 |  2.4
Axes           | 3 |  3.2
Fighting       | |  3.4

Action                   |  1- 3 |  4- 6 || total
-------------------------+-------+-------++-------
Melee: Hand axe          |    88 |       ||    88
       Headbutt          |     6 |       ||     6
Invok: Berserk           |     2 |       ||     2
Armor: Animal skin       |     5 |       ||     5
       Ring mail         |    20 |       ||    20
Dodge: Dodged            |    61 |       ||    61

Table legend: (Time is in decaauts)
 A = Elapsed time spent in this place.
 B = Non-inter-level travel time spent in this place.
 C = Inter-level travel time spent in this place.
 D = Time resting spent in this place.
 E = Time spent auto-exploring this place.
 F = Levels seen in this place.
 G = Mean time per level.
                   A        B        C        D        E       F      G
               +--------+--------+--------+--------+--------+-----+--------+
         Total |   1962 |   1917 |     45 |    189 |   1490 |   3 |  654.0 |
       Dungeon |   1962 |   1917 |     45 |    189 |   1490 |   3 |  654.0 |
               +--------+--------+--------+--------+--------+-----+--------+

Top non-repeatable levels by time:
     D:1: 1190 daAuts
     D:2: 723 daAuts
     D:3: 48 daAuts
